 Dungeon Crawl Stone Soup version 0.25-a0-492-g44cc58d149 (webtiles) character file.

Game seed: 8464867604296210323, levelgen mode: deterministic

360 mopl the Chopper (level 6, -3/51 HPs)
             Began as a Hill Orc Artificer on Feb 11, 2020.
             Was a Follower of Beogh.
             Killed themself with a badly aimed iceblast (16 damage)
             ... on level 4 of the Dungeon.
             The game lasted 00:04:11 (2795 turns).

mopl the Chopper (Hill Orc Artificer)               Turns: 2795, Time: 00:04:12

Health: -3/51      AC:  6    Str: 17    XL:     6   Next: 65%
Magic:  0/9        EV: 10    Int: 11    God:    Beogh [*.....]
Gold:   180        SH:  0    Dex: 14    Spells: 5/5 levels left

rFire    . . .     SeeInvis .   a - +0 war axe
rCold    . . .     Gourm    .   (no shield)
rNeg     . . .     Faith    .   t - +0 scale mail
rPois    .         Spirit   +   (no helmet)
rElec    .         Reflect  .   m - scarf {Spirit}
rCorr    .         Harm     .   (no gloves)
MR       .....                  b - -1 pair of boots of the Armadillo {+Blink} (curse)
Stlth    ..........             (no amulet)
HPRegen  0.17/turn              k - +3 ring of dexterity
MPRegen  0.11/turn              (no ring)

@: no status effects
A: no striking features
a: Renounce Religion, Evoke Blink


You were on level 4 of the Dungeon.
You worshipped Beogh.
Beogh was aware of your devotion.
You were not hungry.

You visited 1 branch of the dungeon, and saw 4 of its levels.

You collected 180 gold pieces.

Inventory:

Hand Weapons
 a - a +0 war axe (weapon)
Missiles
 w - 7 poisoned darts (quivered)
Armour
 b - the cursed -1 pair of boots of the Armadillo (worn) {+Blink}
   (You found it on level 4 of the Dungeon)

   It lets you blink.
   If you remove this armour, your AC will remain unchanged.
   It has a curse placed upon it.
 m - a scarf of spirit shield (worn)
 t - a +0 scale mail (worn)
Jewellery
 k - a +3 ring of dexterity (left hand)
Wands
 d - a wand of enslavement (15)
 e - a wand of random effects (21)
 f - a wand of flame (15)
Scrolls
 g - a scroll of enchant armour {unknown}
 h - a scroll of identify
 j - a scroll of fear {unknown}
 l - a scroll of blinking {unknown}
 n - a scroll of amnesia {unknown}
 p - a scroll of remove curse {unknown}
 q - a scroll of random uselessness {unknown}
Potions
 i - a potion of brilliance
 o - a potion of curing
 r - a potion of might
 s - a potion of mutation {!q}
 u - a potion of haste
Comestibles
 c - 6 rations


   Skills:
 + Level 3.6 Fighting
   Level 1.0 Short Blades
 * Level 4.7 Axes
 + Level 3.0 Armour
 - Level 1.5 Dodging
 - Level 0.7 Stealth
 + Level 1.7 Invocations
 + Level 4.1 Evocations


You had 5 spell levels left.
You didn't know any spells.
Your spell library was empty.

Dungeon Overview and Level Annotations

Branches:
Dungeon (4/15)
 Temple: D:4-7

Altars:

Annotations:
D:4 Eustachio


Message History

The white imp gestures at you. The puff of frost hits you!
* * * LOW HITPOINT WARNING * * *
The white imp barely misses you. Eustachio hits you but does no damage.
You closely miss Eustachio.
Eustachio is severely wounded.
You barely miss the crimson imp. You completely miss the white imp.
The white imp hits you but does no damage.
Eustachio hits you but does no damage. The crimson imp closely misses you.
Unknown command.
The crimson imp shouts, "Scamper home, thou dissembling rude-growing frater!"
Evoke which item? (* to show all) (? for menu, Esc to quit)
Aiming: Random Effects
Press: ? - help, Shift-Dir - straight line, f/p - Eustachio
Aim: Eustachio, wielding a +2 falchion of flaming and wearing a cursed -1 leather armour (severely wounded, lightly drained)
The mass of ice explodes!
The iceblast engulfs the white imp!
The white imp partially resists.
You kill the white imp!
The iceblast engulfs you!!
You die...

.......# #
.......#####.#
.##....##....#
.##.......####
#######
...<)..####
....... #......#
....... .......#
###@....§.
.......#
#..5..§.§.
#......# #.
#@#.......
###.#### #.
#.######## #...
...####.# #.###
#......### #...#
###........##
#.#.# ....#####..#
.... ##..# ###.#
#..# ####.####..)#
#
#..###.........###


You could see Eustachio and a crimson imp.

Vanquished Creatures
  An ogre (D:4)
  A bullfrog skeleton (D:4)
  3 orc wizards
  2 orc priests
  An iguana (D:4)
  3 adders
  3 dart slugs
  A leopard gecko (D:1)
  6 orcs
  4 giant cockroaches
  3 goblins
  2 hobgoblins
  5 jackals
  3 quokkas
  A ball python (D:2)
  4 bats
  6 frilled lizards
  2 kobolds (D:2)
  6 rats
57 creatures vanquished.

Vanquished Creatures (others)
  2 orcs (D:3)
  A goblin (D:3)
3 creatures vanquished.

Grand Total: 60 creatures vanquished

Notes
Turn   | Place    | Note
-------+----------+-------------------------------------------
     0 | D:1      | mopl the Hill Orc Artificer began the quest for the Orb.
     0 | D:1      | Reached XP level 1. HP: 16/16 MP: 3/3
   459 | D:1      | Reached skill level 1 in Armour
   459 | D:1      | Reached XP level 2. HP: 19/24 MP: 4/4
   499 | D:1      | Reached skill level 2 in Fighting
   821 | D:2      | Reached skill level 1 in Axes
   821 | D:2      | Reached XP level 3. HP: 26/29 MP: 5/5
  1190 | D:2      | You fall into a shaft and drop 2 floors!
  1190 | D:4      | Noticed an ogre
  1191 | D:4      | Killed an ogre
  1191 | D:4      | Reached skill level 3 in Axes
  1191 | D:4      | Reached skill level 2 in Armour
  1191 | D:4      | Reached XP level 4. HP: 37/37 MP: 6/6
  1191 | D:4      | Reached XP level 5. HP: 44/44 MP: 7/7
  1209 | D:4      | Reached skill level 3 in Fighting
  1217 | D:4      | Got a pair of ichor-stained boots
  1228 | D:4      | Identified the cursed -1 pair of boots of the Armadillo
                  | {+Blink} (You found it on level 4 of the Dungeon)
  1535 | D:3      | Found a faded altar of an unknown god.
  1538 | D:3      | Became a worshipper of Beogh the Brigand
  2307 | D:4      | Reached skill level 4 in Axes
  2307 | D:4      | Reached skill level 1 in Invocations
  2307 | D:4      | Reached XP level 6. HP: 21/51 MP: 3/8
  2510 | D:4      | Reached skill level 4 in Evocations
  2531 | D:3      | Reached * piety under Beogh
  2715 | D:4      | Reached skill level 3 in Armour
  2780 | D:4      | Noticed Eustachio
  2795 | D:4      | Killed themself with a badly aimed iceblast

Levels and vault maps discovered:
D:1:      dpeg_arrival_arbitrary_b, layout_rooms
D:2:      layout_loops_ring, first_ration, ebering_dispersal_statue_hall
D:3:      layout_basic, chequers_ecumenical_altar_simple_redux
D:4:      layout_rooms, uniq_eustachio

Skill      XL: |  1  2  3  4  5  6 |
---------------+-------------------+-----
Armour         | 1 2 3 |  3.0
Fighting       | 2 3 |  3.6
Axes           | 1 3 4 |  4.7
Invocations    | 1 |  1.7
Evocations     | 4 |  4.1
Short Blades   | |  1.0
Dodging        | |  1.5
Stealth        | |  0.7

Action                   |  1- 3 |  4- 6 || total
-------------------------+-------+-------++-------
Melee: Short sword       |    45 |       ||    45
       Hand axe          |    58 |   111 ||   169
       War axe           |       |    14 ||    14
Invok: Convert to Beogh  |       |     1 ||     1
Evoke: Wand              |     1 |    12 ||    13
  Use: Scroll            |       |     5 ||     5
 Stab: Sleeping          |     1 |       ||     1
       Confused          |       |     2 ||     2
  Eat: Chunk             |     1 |     2 ||     3
       Ration            |       |     1 ||     1
Armor: Leather armour    |    26 |       ||    26
       Ring mail         |     8 |    12 ||    20
       Scale mail        |       |    37 ||    37
Dodge: Dodged            |    73 |    74 ||   147

Table legend:
 A = Non-vault XP
 B = Vault XP
 C = Vault XP percentage of total XP
 D = Non-vault monster count
 E = Vault monster count
 F = Vault count percentage of total count
                 A         B        C        D         E       F
            +---------+---------+-------+---------+---------+-------
      Total |     515 |       0 |   0.0 |      57 |       0 |   0.0
            +---------+---------+-------+---------+---------+-------
        D:1 |      21 |       0 |   0.0 |      11 |       0 |   0.0
        D:2 |      49 |       0 |   0.0 |      18 |       0 |   0.0
        D:3 |     112 |       0 |   0.0 |      13 |       0 |   0.0
        D:4 |     333 |       0 |   0.0 |      15 |       0 |   0.0
            +---------+---------+-------+---------+---------+-------
